 Dungeon Sprint DCSS version 0.20.1-1-g8b1a95d (webtiles) character file.

176 potatolord6000 the Covert (level 5, 0/29 HPs)
             Began as a Spriggan Assassin on Aug 28, 2017.
             Was a Follower of Qazlal.
             Slain by a spriggan
             ... wielding a +0 rapier
              (11 damage)
             ... in the Dungeon (Sprint IV: "Fedhas' Mad Dash").
             The game lasted 00:05:54 (760 turns).

potatolord6000 the Covert (Spriggan Assassin)        Turns: 760, Time: 00:05:55

Health: 0/29       AC:  3    Str:  7    XL:     5   Next: 30%
Magic:  7/7        EV: 23    Int: 12    God:    Qazlal [*.....]
Gold:   83         SH:  1    Dex: 19    Spells: 4/4 levels left

rFire    x . .     SeeInvis +   a - +2 dagger
rCold    + . .     Gourm    .   (shield restricted)
rNeg     . . .     Faith    .   c - +0 robe
rPois    .         Spirit   .   (helmet restricted)
rElec    .         Reflect  .   d - +0 cloak
rCorr    .         Harm     .   (gloves unavailable)
MR       .....     NoTele   +   (boots unavailable)
Stlth    ++........             b - amulet of invisibility {+Inv}
Regen    0.1/turn               e - ring of ice
MPRegen  0.1/turn               (no ring)

@: contaminated, glowing, very quick
A: unfitting armour, see invisible, deterioration 1, herbivore 3, speed 3, slow
metabolism 2
a: Renounce Religion, Evoke Invisibility


You were in the Dungeon.
You worshipped Qazlal.
Qazlal was aware of your devotion.
You were not hungry.

You visited 1 branch You collected 83 gold pieces.

Inventory:

Hand Weapons
 a - a +2 dagger (weapon)
Armour
 c - a +0 robe (worn)
 d - a +0 cloak (worn)
Jewellery
 b - the amulet of invisibility (around neck) {+Inv}
   (You found it in the Dungeon)

   [amulet of nothing]

   It lets you turn invisible.
 e - a ring of ice (left hand)
Scrolls
 m - a scroll of blinking
Potions
 h - a potion of curing
 k - 2 potions of magic
 l - a potion of berserk rage
Comestibles
 g - a bread ration


   Skills:
 + Level 4.2 Fighting
 + Level 5.6 Short Blades
 - Level 2.0 Throwing
 + Level 7.0 Dodging
 + Level 11.6 Stealth
 * Level 1.1 Invocations
 + Level 1.5 Evocations


You had 4 spell levels left.
You didn't know any spells.

Dungeon Overview and Level Annotations

Branches:
Dungeon (1/1)

Altars:
Cheibriados
Dithmenos
Elyvilon
Gozag
Hepliaklqana
Kikubaaqudgha
Makhleb
Nemelex Xobeh
Okawaru
Qazlal
Ru
Sif Muna
Trog
Uskayaw
Vehumet
Xom
Yredelemnul
Zin
The Shining One
Beogh
Jiyva
Lugonu

Annotations:
D exclusion: oklob plant


Innate Abilities, Weirdness & Mutations

You are very small and have problems with some larger weapons.
You are too small for most types of armour.
You have supernaturally acute eyesight. (SInv)
You are a herbivore.
You cover ground extremely quickly.
You need consume almost no food.
Your body sometimes deteriorates upon taking damage.


Message History

The spriggan completely misses you.
There is an opulent altar of Gozag here.
There is an open door here.
The spriggan closely misses you.
You open the door. The spriggan closely misses you.
The spriggan barely misses you.
There is an open door here.
The spriggan barely misses you.
You open the door.
There is an open door here.
The queen bee buzzes angrily.
The killer bee buzzes angrily.
The spriggan barely misses you.
You miss the killer bee. The killer bee completely misses you.
The killer bee barely misses you.
You closely miss the killer bee.
The killer bee buzzes angrily.
You block the killer bee's attack. The killer bee closely misses you.
The spriggan hits you with a rapier!
You die...

#######################
#<..P#.....#.....#.⌠._.
#PP..'.%...'.#[..'.._.s
#PPPP#.....#.#...#..._.
###############'##.._._
#...♣yii.....'...#..._.
#%.yyy@♣.....#...######
#....y♣..♣..######
##+####+#####
#$$$$'......
#P|###P...P. ### ######


You could see a queen bee, 2 spriggans and 4 killer bees.

Vanquished Creatures
  4 oklob saplings (D)
  A worker ant (D)
  A river rat (D)
  A rat (D)
7 creatures vanquished.

Notes
Turn   | Place    | Note
-------+----------+-------------------------------------------
     0 | D        | potatolord6000 the Spriggan Assassin began the quest for the Orb.
     0 | D        | Reached XP level 1. HP: 10/10 MP: 2/2
    20 | D        | Reached skill level 7 in Stealth
    20 | D        | Reached XP level 2. HP: 15/15 MP: 3/3
    31 | D        | Noticed an oklob sapling
    38 | D        | Reached skill level 8 in Stealth
    38 | D        | Reached XP level 3. HP: 18/19 MP: 4/4
    61 | D        | Found an opulent altar of Gozag.
    61 | D        | Found a hazy altar of Hepliaklqana.
    61 | D        | Found a burning altar of Makhleb.
    61 | D        | Found a roughly hewn altar of Beogh.
    61 | D        | Found a sparkling altar of Nemelex Xobeh.
    61 | D        | Found a snail-covered altar of Cheibriados.
    61 | D        | Found a sacrificial altar of Ru.
    61 | D        | Found a deep blue altar of Sif Muna.
    61 | D        | Found a shimmering altar of Xom.
    61 | D        | Found a basalt altar of Yredelemnul.
    64 | D        | Found a viscous altar of Jiyva.
    64 | D        | Found a bloodstained altar of Trog.
    64 | D        | Noticed an oklob sapling priest
    65 | D        | Found an iron altar of Okawaru.
    65 | D        | Found a shadowy altar of Dithmenos.
    65 | D        | Found a glowing silver altar of Zin.
    66 | D        | Found an ancient bone altar of Kikubaaqudgha.
    66 | D        | Found a hide-covered altar of Uskayaw.
    67 | D        | Found a stormy altar of Qazlal.
    67 | D        | Found a white marble altar of Elyvilon.
    67 | D        | Found a glowing golden altar of the Shining One.
    69 | D        | Found a corrupted altar of Lugonu.
    69 | D        | Found a radiant altar of Vehumet.
    78 | D        | Became a worshipper of Qazlal Stormbringer
    83 | D        | Noticed an oklob sapling wizard
    87 | D        | Killed an oklob sapling wizard
    87 | D        | Reached skill level 5 in Dodging
    87 | D        | Reached skill level 9 in Stealth
    87 | D        | Reached XP level 4. HP: 24/24 MP: 2/5
   135 | D        | Reached skill level 5 in Short Blades
   135 | D        | Reached skill level 11 in Stealth
   187 | D        | Gained mutation: Your body sometimes deteriorates upon taking damage. [mutagenic glow]
   395 | D        | Reached * piety under Qazlal
   395 | D        | Reached XP level 5. HP: 29/29 MP: 3/6
   531 | D        | Reached skill level 1 in Invocations
   531 | D        | Reached skill level 1 in Evocations
   650 | D        | Noticed a queen bee
   656 | D        | Noticed a burning bush
   664 | D        | Noticed a burning bush
   664 | D        | Noticed an oklob plant
   760 | D        | Slain by a spriggan

Skill      XL: |  1  2  3  4  5 |
---------------+----------------+-----
Fighting       | 2 3 4 |  4.2
Dodging        | 2 4 5 6 7 |  7.0
Stealth        | 7 8 9 11 | 11.6
Short Blades   | 3 4 5 |  5.6
Invocations    | 1 |  1.1
Evocations     | 1 |  1.5
Throwing       | |  2.0

Action                   |  1- 3 |  4- 6 || total
-------------------------+-------+-------++-------
Melee: Dagger            |    13 |    12 ||    25
 Abil: Evoke Invisibilit |     1 |     6 ||     7
  Use: Potion            |     1 |     1 ||     2
 Stab: Sleeping          |     2 |     1 ||     3
       Invisible         |       |     2 ||     2
Dodge: Dodged            |     8 |    21 ||    29
Block: Other             |       |     1 ||     1
